AoeStats
← Abetterhandle

MegaRandom

508183055Analyzed
4v4 RM · 11d ago on Sep 21, 2026· 53m 8s· 8 players
Game mode
Random Map
Map size
Large (8 player)
Population
200
Speed
Normal
Resources
Standard
Victory
Conquest
Starting age
Dark Age
Ending age
Imperial Age
RankedLock teamsTeams togetherTeam positionsShared explorationLock speedFull tech treeHidden civsTurbo modeCheats
Victory
Defeat
🇩🇪 Khitans · Germany
1055
+13
🇨🇳 Tatars · China
940
+17
🇨🇳 Burgundians · China
939
+17
🇨🇳 Poles · China
939
+17
🇫🇷 Saracens · France
1000
-51
🇦🇺 Wei · Australia
991
-17
🇳🇿 Malians · New Zealand
964
-16
🇬🇧 Japanese · United Kingdom
931
-14
jbw6792
11:38 Feudal Age
16:36 Castle Age
15:18 Double-Bit Axe
15:19 Horse Collar
15:32 Stone Mining
16:18 Gold Mining
20:32 Heavy Plow
24:00 Wheelbarrow
32:21 Imperial Age
31:21 Hand Cart
32:53 Bow Saw
33:25 Conscription
33:02 Elite Tiger Cavalry
34:39 Crop Rotation
34:37 Scale Barding Armor
34:45 Forging
34:44 Husbandry
35:04 Bloodlines
35:25 Ming Guang Armor
37:23 Chain Barding Armor
37:39 Iron Casting
42:22 Blast Furnace
HTL_Az3rty
15:56 Feudal Age
17:21 Wheelbarrow
16:32 Loom
23:54 Castle Age
23:50 Horse Collar
ErCoChino
5:02 Loom
12:31 Feudal Age
12:59 Town Watch
14:03 Wheelbarrow
16:24 Double-Bit Axe
16:40 Gold Mining
22:47 Stone Mining
22:52 Horse Collar
26:10 Castle Age
27:57 Fletching
31:36 Forging
31:27 Scale Mail Armor
31:22 Bodkin Arrow
36:13 Hand Cart
39:23 Imperial Age
44:47 Kataparuto
Abetterhandle
2:06 Loom
11:07 Feudal Age
11:45 Double-Bit Axe
12:19 Gold Mining
17:50 Castle Age
16:16 Bloodlines
16:37 Forging
18:14 Scale Barding Armor
19:20 Husbandry
22:19 Horse Collar
30:09 Wheelbarrow
34:40 Imperial Age
31:56 Town Watch
33:15 Hand Cart
34:09 Fletching
34:20 Padded Archer Armor
33:48 Elite Skirmisher
35:08 Thumb Ring
37:03 Bodkin Arrow
37:24 Leather Archer Armor
39:32 Ring Archer Armor
38:29 Heavy Camel Rider
39:24 Heavy Plow
41:50 Conscription
44:36 Tigui
44:38 Farimba
45:33 Iron Casting
47:10 Chain Barding Armor
47:29 Ballistics
50:57 Plate Barding Armor
Murmandus
5:12 Loom
11:11 Feudal Age
16:12 Castle Age
14:35 Double-Bit Axe
14:51 Gold Mining
15:27 Fletching
15:48 Town Watch
17:38 Domestication
23:53 Bodkin Arrow
25:06 Wheelbarrow
24:53 Ballistics
25:43 Thumb Ring
26:48 Husbandry
27:57 Padded Archer Armor
28:55 Bow Saw
28:49 Pastoralism
28:41 Stone Mining
29:51 Hand Cart
30:22 Town Patrol
36:34 Imperial Age
35:01 Stone Shaft Mining
34:26 Heavy Cavalry Archer
35:25 Leather Archer Armor
37:51 Parthian Tactics
37:28 Bracer
37:59 Ring Archer Armor
38:32 Chemistry
39:04 Two-Man Saw
38:39 Transhumance
38:34 Ordo Cavalry
38:50 Conscription
38:16 Capped Ram
39:14 Siege Ram
41:19 Siege Engineers
41:25 Masonry
40:56 Treadmill Crane
41:12 Murder Holes
50:56 Elite Liao Dao
51:42 Lamellar Armor
52:31 Scale Barding Armor
52:26 Scale Mail Armor
52:36 Forging
51:56 Elite Steppe Lancer
Quel Serrar
11:02 Feudal Age
11:48 Double-Bit Axe
11:44 Horse Collar
13:18 Stone Mining
16:42 Gold Mining
23:12 Castle Age
24:02 Heavy Plow
24:12 Bow Saw
24:46 Stone Shaft Mining
31:35 Imperial Age
29:46 Wheelbarrow
32:07 Wheelbarrow
31:48 Forging
31:43 Scale Barding Armor
32:48 Crop Rotation
32:42 Lechitic Legacy
32:42 Conscription
34:02 Iron Casting
33:48 Chain Barding Armor
34:21 Hand Cart
34:11 Light Cavalry
35:02 Bloodlines
34:52 Husbandry
35:56 Blast Furnace
35:08 Winged Hussar
John Farrell
7:12 Double-Bit Axe
8:50 Horse Collar
12:43 Feudal Age
14:26 Bow Saw
16:35 Fishing Lines
18:00 Heavy Plow
17:55 Gillnets
20:16 Castle Age
19:27 Gold Mining
19:29 Stone Mining
20:27 Cavalier
20:35 Cavalier
22:43 Two-Man Saw
22:16 Crop Rotation
21:51 Husbandry
22:05 Husbandry
29:26 Gold Shaft Mining
29:30 Stone Shaft Mining
35:25 Scale Barding Armor
35:31 Forging
39:59 Imperial Age
37:18 Loom
38:10 Wheelbarrow
40:11 Paladin
41:19 Chain Barding Armor
41:35 Iron Casting
42:16 Conscription
42:10 Burgundian Vineyards
43:01 Hand Cart
45:04 Plate Barding Armor
45:30 Blast Furnace
49:31 Scale Mail Armor
Khrushchev
13:08 Feudal Age
17:23 Castle Age
16:42 Double-Bit Axe
18:33 Stone Mining
18:48 Husbandry
22:45 Padded Archer Armor
22:59 Bloodlines
24:35 Horse Collar
24:50 Gold Mining
25:37 Silk Armor
27:09 Bow Saw
26:56 Fletching
27:49 Ballistics
29:57 Bodkin Arrow
30:17 Leather Archer Armor
31:27 Leather Archer Armor
32:17 Wheelbarrow
35:39 Imperial Age
34:05 Wheelbarrow
35:08 Hand Cart
36:52 Timurid Siegecraft
37:03 Conscription
37:28 Heavy Cavalry Archer
39:30 Ring Archer Armor
41:05 Heavy Plow
41:47 Gold Shaft Mining
42:55 Bracer
46:35 Loom
53:43 Chemistry
52:50 Siege Engineers
52:26 Treadmill Crane
Connection lost

Rejoining the realm…

Still unreachable

The connection could not be restored.

Session expired

The server has moved on; the page needs a fresh start.